 Dungeon Crawl Stone Soup version 0.28.0 (webtiles) character file.

Game seed: 7132792920966361773

4 RascalDebosk the Grave Robber (level 1, -1/13 HPs)
             Began as a Demonspawn Necromancer on Feb 13, 2022.
             Killed from afar by a dart slug (3 damage)
             ... with a slug dart
             ... on level 1 of the Dungeon.
             The game lasted 00:02:35 (171 turns).

RascalDebosk the Grave Robber (DsNe)                 Turns: 171, Time: 00:02:35

Health: -1/13      AC:  2    Str:  8    XL:     1   Next: 50%
Magic:  0/3        EV: 12    Int: 16    God:
Gold:   4          SH:  0    Dex: 13    Spells: 3/4 levels left

rFire   . . .      SeeInvis .   (no weapon)
rCold   . . .      Faith    .   (no shield)
rNeg    . . .      Spirit   .   a - +0 robe
rPois   .          Reflect  .   (no helmet)
rElec   .          Harm     .   (no cloak)
rCorr   .          Rampage  .   (no gloves)
Will    .....                   (no boots)
Stlth   ++........              (no amulet)
HPRegen 0.04/turn               (no ring)
MPRegen 0.08/turn               (no ring)

@: no status effects
A: no striking features
a: no special abilities


You were on level 1 of the Dungeon.
You visited 1 branch of the dungeon, and saw 1 of its levels.

You collected 4 gold pieces.

Inventory:

Armour
 a - a +0 robe (worn)


   Skills:
 + Level 0.1 Fighting
 + Level 0.1 Armour
 + Level 1.8 Dodging
 + Level 1.8 Stealth
 * Level 2.1 Spellcasting
 * Level 4.4 Necromancy


You had 3 spell levels left.
You knew the following spells:

 Your Spells              Type           Power      Damage    Failure   Level
a - Pain                  Necr           60%        1d7       3%          1

Your spell library contained the following spells:

 Spells                   Type           Power      Damage    Failure   Level
 Animate Skeleton         Necr           30%        N/A       3%          1
 Vampiric Draining        Necr           15%        2d7       10%         3
 Animate Dead             Necr           7%         N/A       32%         4
 Agony                    Necr           15%        N/A       67%         5


Dungeon Overview and Level Annotations

Branches:
Dungeon (1/15)

Altars:


Message History

Nothing appears to happen.
The dart slug launches a dart at you. The slug dart hits you.
The ball python bites you but does no damage.
The ball python grabs you. The ball python constricts you.
The ball python bites you. The ball python constricts you.
You escape the ball python's grasp.
The ball python closely misses you. x2
Your magical contamination has completely faded away.
The ball python misses you. The ball python grabs you.
The ball python constricts you.
You escape the ball python's grasp.
Aiming: Pain (safe; 3% risk of failure)
Press: ? - help, Q - select action Shift-Dir - straight line, f/p - ball python
Aim: a ball python (chance to affect: 85%)
The ball python writhes in agony.
You kill the ball python!
The dart slug launches a dart at you. The slug dart misses you.
Aiming: Pain (safe; 3% risk of failure)
Press: ? - help, Q - select action Shift-Dir - straight line, f - you That beam is likely to hit you.
Continue anyway?
Okay, then.
Aiming: Pain (safe; 3% risk of failure)
Press: ? - help, Q - select action Shift-Dir - straight line, f - dart slug
Aim: a dart slug (chance to affect: 85%)
The dart slug writhes in agony.
The dart slug launches a dart at you. The slug dart misses you.
Aiming: Pain (safe; 3% risk of failure)
Press: ? - help, Q - select action Shift-Dir - straight line, f/p - dart slug
Aim: a dart slug (heavily wounded, chance to affect: 85%)
The dart slug barely resists.
Aiming: Pain (safe; 3% risk of failure)
Press: ? - help, Q - select action Shift-Dir - straight line, f/p - dart slug
Aim: a dart slug (heavily wounded, chance to affect: 85%)
The dart slug writhes in agony.
The dart slug launches a dart at you. The slug dart hits you.
You die...

................
................
>...............
............S...
##
.........)......
.####
................
....#
#######.###.$...
....# #.# ....
....# #@# ...
>...# #.# ## ....#
#.# ....### #.#
......##### #.#
....#.....######.#
#...#.......w..w.#
#####.....########
#######'#.....#


You could see a dart slug.

Vanquished Creatures
  A ball python (D:1)
  A goblin (D:1)
  A frilled lizard (D:1)
  A kobold (D:1)
4 creatures vanquished.

Notes
Turn   | Place    | Note
-------+----------+-------------------------------------------
     0 | D:1      | RascalDebosk the Demonspawn Necromancer began the quest for
                  | the Orb.
     0 | D:1      | Reached XP level 1. HP: 13/13 MP: 3/3
   171 | D:1      | Killed from afar by a dart slug

Illustrated notes

Levels and vault maps discovered:
D:1:      ncdulo_wetmaze, layout_basic,
          shapermc_ecumenical_altar_mp_ritualfount, st_stairs_7

Action                   || total
-------------------------++-------
 Cast: Pain              ||    12
Armor: Robe              ||     2
Dodge: Dodged            ||    15
